 Dungeon Crawl Stone Soup version 0.20.1-1-g8b1a95d (webtiles) character file.

23 roguezilla the Shield-Bearer (level 2, 0/29 HPs)
             Began as a Troll Fighter on Nov 19, 2017.
             Was an Initiate of Sif Muna.
             Slain by lorenzova's ghost (1 damage)
             ... on level 3 of the Dungeon.
             The game lasted 00:02:55 (298 turns).

roguezilla the Shield-Bearer (Troll Fighter)         Turns: 298, Time: 00:02:55

Health: 0/29       AC:  7    Str: 23    XL:     2   Next: 75%
Magic:  1/1        EV:  8    Int:  4    God:    Sif Muna [......]
Gold:   35         SH:  8    Dex:  9    Spells: 1/1 levels left

rFire    . . .     SeeInvis .   a - +0 flail
rCold    . . .     Gourm    +   c - +0 shield
rNeg     . . .     Faith    .   b - +0 robe
rPois    .         Spirit   .   (helmet restricted)
rElec    .         Reflect  .   (no cloak)
rCorr    .         Harm     .   (gloves unavailable)
MR       .....                  (boots unavailable)
Stlth    +.........             h - amulet of inaccuracy (curse)
Regen    0.5/turn               e - +2 ring of protection
MPRegen  0.1/turn               (no ring)

@: lethally poisoned (0 -> -1)
A: unfitting armour, claws 3, fast metabolism 3, gourmand, regeneration 1,
shaggy fur 1, tough skin 2
a: Renounce Religion


You were on level 3 of the Dungeon.
You worshipped Sif Muna.
Sif Muna was noncommittal.
You were not hungry.

You visited 1 branch of the dungeon, and saw 3 of its levels.

You collected 35 gold pieces.

Inventory:

Hand Weapons
 a - a +0 flail (weapon)
Armour
 b - a +0 robe (worn)
 c - a +0 shield (worn)
Jewellery
 e - a +2 ring of protection (left claw)
 h - a cursed amulet of inaccuracy (around neck)
Scrolls
 g - 2 scrolls of remove curse
Potions
 d - a potion of might
Comestibles
 f - 2 bread rations
 i - a meat ration


   Skills:
 + Level 2.7 Fighting
 + Level 2.2 Maces & Flails
 + Level 2.5 Dodging
 + Level 2.7 Shields


You had one spell level left.
You didn't know any spells.

Dungeon Overview and Level Annotations

Branches:
Dungeon (3/15)

Altars:
Sif Muna

Annotations:
D:3 lorenzova's ghost, amateur DECj


Innate Abilities, Weirdness & Mutations

You are too large for most types of armour.
You have claws for hands.
Your metabolism is lightning-fast.
You like to eat raw meat.
Your natural rate of healing is unusually fast.
You are covered in fur. (AC +1)
You have very tough skin. (AC +2)


Message History

You kill the kobold!
Sif Muna accepts your kill.
You feel sick. Lorenzova's ghost hits you.
* * * LOW HITPOINT WARNING * * *
You hit lorenzova's ghost but do no damage.
You feel sick.
Lorenzova's ghost gestures at you while chanting.
The magic dart hits you!
* * * LOW HITPOINT WARNING * * *
You block lorenzova's ghost's attack.
A frilled lizard comes into view.
Your shield prevents you from hitting lorenzova's ghost.
You block lorenzova's ghost's attack.
You miss lorenzova's ghost.
You feel sick.
The frilled lizard hisses angrily.
Lorenzova's ghost hits you.
* * * LOW HITPOINT WARNING * * *
x2 You barely miss lorenzova's ghost.
Lorenzova's ghost hits you.
* * * LOW HITPOINT WARNING * * *
You die...

##........ .##
##..........
.(..##...........
..#..............
......#.........##
#.................
#..>.............
...##W@.........
#.#...)(.$.....
##...#..........
##.......[.......
#......[.##l.....
#.......#........
#.........#......
#[....##### ##...
#<.###..... ...


You could see lorenzova's ghost and a frilled lizard.

Vanquished Creatures
  An adder (D:2)
  A worm (D:2)
  3 hobgoblins
  2 kobolds
  3 bats (D:2)
  A frilled lizard (D:2)
  2 rats
13 creatures vanquished.

Notes
Turn   | Place    | Note
-------+----------+-------------------------------------------
     0 | D:1      | roguezilla the Troll Fighter began the quest for the Orb.
     0 | D:1      | Reached XP level 1. HP: 22/22 MP: 0/0
   187 | D:2      | Reached XP level 2. HP: 19/29 MP: 1/1
   244 | D:2      | Found a deep blue altar of Sif Muna.
   265 | D:2      | Became a worshipper of Sif Muna the Loreminder
   282 | D:3      | Noticed lorenzova's ghost (amateur DECj)
   298 | D:3      | HP: 1/29 [lorenzova's ghost (2)]
   298 | D:3      | Slain by lorenzova's ghost

Skill      XL: |  1  2 |
---------------+-------+-----
Maces & Flails | 2 |  2.2
Fighting       | |  2.7
Dodging        | |  2.5
Shields        | |  2.7

Action                   || total
-------------------------++-------
Melee: Flail             ||    42
  Use: Scroll            ||     2
Armor: Robe              ||    13
Dodge: Dodged            ||    12
Block: Shield            ||    21
